 Dungeon Crawl Stone Soup version 0.32-a0-171-g4625e66871 (webtiles) character file.

Game seed: 4691539860829173461

1850268 Ge0ff the Royal Mummy (level 27, 203/235 HPs)
             Began as a Mummy Brigand on Feb 12, 2024.
             Was an Initiate of Gozag.
             Escaped with the Orb
             ... and 4 runes!
             The game lasted 03:02:39 (108199 turns).

Ge0ff the Royal Mummy (Mummy Brigand)             Turns: 108199, Time: 03:02:40

Health: 203/235    AC: 24    Str: 16    XL:     27
Magic:  40/40      EV: 26    Int: 22    God:    Gozag
Gold:   6655       SH:  5    Dex: 25    Spells: 33/46 levels left

rFire   + . .        a - +8 storm bow {elec, penet}
rCold   + + .        (shield currently unavailable)
rNeg    + + +        Q - +7 toga "Victory" {*Victory Int+7 Slay+7 Clar}
rPois   ∞            x - +0 helmet of Unambiguity {SInv}
rElec   +            q - +2 cloak {Stlth+}
rCorr   +            Y - +2 pair of gloves of New Discoveries {*Corrode rF+ Int+2}
SInv    +            Z - +2 pair of boots {Stlth+}
Will    ++++.        D - amulet of Xomorot {Reflect +Blink Str+2 SH+5}
Stlth   ++           o - ring of Wino {rCorr AC+4 Slay+3, =R}
HPRegen 0.59/turn    u - ring of Ywienn {rElec rPois rF+ rC+ Will+}
MPRegen 0.27/turn

%: corrode self (3%), reflection, clarity, faith
@: gold aura, studying Summonings
A: cold resistance 1, negative energy resistance 3, torment resistance 2, heat
vulnerability 1, in touch with death 2, no potions, faith
0: Orb of Zot
}: 4/15 runes: barnacled, slimy, silver, gossamer
a: Renounce Religion, Evoke Blink, Potion Petition, Call Merchant, Bribe Branch


You escaped.
You worshipped Gozag.
Gozag was greatly pleased with you.
You visited 12 branches of the dungeon, and saw 56 of its levels.
You also visited: Trove and Wizlab.

You collected 35362 gold pieces.
You spent 3653 gold pieces at shops.
You paid 25054 gold pieces to Gozag.

Inventory:

Hand Weapons
 a - the +8 storm bow (weapon) {elec, penet}
   (You took it off a vault warden on level 5 of the Vaults)
 b - the +7 orcbow of Ornamental Optimality {heavy, rPois rF+ Str-5 Dex+2}
   (You bought it in a shop on level 15 of the Dungeon)

   Str-5:     It affects your strength (-5).
   Dex+2:     It affects your dexterity (+2).
   rF+:       It protects you from fire.
   rPois:     It protects you from poison
 h - the +5 orcbow "Kekk" {drain, rElec rC+ Will+}
   (You acquired it on level 4 of the Realm of Zot)

   rC+:       It protects you from cold.
   rElec:     It insulates you from electricity.
   Will+:     It increases your willpower.
 w - the +8 Vampire's Tooth {megavamp}
   (You found it on level 12 of the Dungeon)
 A - a +9 longbow of freezing
 K - a +2 heavy longbow
Missiles
 g - 6 throwing nets {=F}
 r - 12 javelins
 v - 3 curare-tipped darts {=F}
 I - 7 silver javelins
 N - 71 boomerangs
 R - 15 darts of dispersal
Armour
 e - the +1 robe of Pride {Regen+ Int+3}
   (You found it on level 4 of the Shoals)

   Int+3:     It affects your intelligence (+3).
   Regen+:    It increases your rate of health regeneration.
 i - a +2 robe of resistance
 q - a +2 cloak of stealth (worn)
 x - the +0 helmet of Unambiguity (worn) {SInv}
   (You bought it in a shop on level 2 of the Orcish Mines)

   SInv:      It lets you see invisible.
 Q - the +7 toga "Victory" (worn) {*Victory Int+7 Slay+7 Clar}
   (You found it on level 7 of the Dungeon)

   *Victory:  When the wearer kills a threatening monster, it has a chance to
   gain +1 AC, +1 Slay, and +1 Int, capping at +7.
   When the wearer uses a scroll or a potion with a hostile monster in sight,
   its bonuses reset to +0.
   Unequipping it also resets its bonuses to +0.
   Int+7:     It affects your intelligence (+7).
   Slay+7:    It affects your accuracy & damage with ranged weapons and melee
   (+7).
   Clar:      It protects you from confusion, rage, mesmerisation and fear.
 Y - the +2 pair of gloves of New Discoveries (worn) {*Corrode rF+ Int+2}
   (You bought it in a shop on level 2 of the Orcish Mines)

   Int+2:     It affects your intelligence (+2).
   rF+:       It protects you from fire.
   *Corrode:  It may corrode you when you take damage.
 Z - a +2 pair of boots of stealth (worn)
Jewellery
 o - the ring of Wino (left hand) {rCorr AC+4 Slay+3, =R}
   (You took it off a vault sentinel on level 5 of the Vaults)

   [ring of protection]

   AC+4:      It affects your AC (+4).
   Slay+3:    It affects your accuracy & damage with ranged weapons and melee
   (+3).
   rCorr:     It protects you from acid and corrosion.
 t - a +4 ring of protection
 u - the ring of Ywienn (right hand) {rElec rPois rF+ rC+ Will+}
   (You found it on level 1 of the Realm of Zot)

   [ring of protection from fire]

   rF+:       It protects you from fire.
   rC+:       It protects you from cold.
   rElec:     It insulates you from electricity.
   rPois:     It protects you from poison Will+: It increases your willpower.
 z - the ring "Moehul" {rN+ Will+ rCorr}
   (You found it on level 4 of the Shoals)

   [ring of resist corrosion]

   rN+:       It protects you from negative energy.
   Will+:     It increases your willpower.
   rCorr:     It protects you from acid and corrosion.
 D - the amulet of Xomorot (around neck) {Reflect +Blink Str+2 SH+5}
   (You bought it in a shop on level 2 of the Orcish Mines)

   [amulet of reflection]

   Reflect:   It reflects blocked missile attacks.
   Str+2:     It affects your strength (+2).
   +Blink:    It lets you blink.
   SH+5:      It affects your SH (+5).
 G - a ring of flight
 J - a ring of protection from fire
 M - an amulet of regeneration
 X - a ring of see invisible
Wands
 d - a wand of digging (21)
 f - a wand of flame (89)
 j - a wand of acid (6)
 k - a wand of iceblast (31)
 p - a wand of paralysis (37)
 s - a wand of mindburst (40)
 P - a wand of polymorph (31)
Scrolls
 m - 4 scrolls of revelation
 y - 8 scrolls of immolation
 B - 7 scrolls of blinking
 C - a scroll of poison
 E - 6 scrolls of fear
 F - 14 scrolls of fog
 L - 5 scrolls of enchant armour
 S - 4 scrolls of summoning
 T - 22 scrolls of teleportation
 V - 6 scrolls of vulnerability
 W - 2 scrolls of torment
Miscellaneous
 c - a condenser vane
 l - a lightning rod (4/4)
 n - a phial of floods
 O - a sack of spiders
 U - a phantom mirror


   Skills:
 - Level 23.0 Fighting
 - Level 7.0 Short Blades
 - Level 20.0 Ranged Weapons
 - Level 6.0 Throwing
 - Level 7.0 Armour
 - Level 15.0 Dodging
 + Level 7.4 Stealth
 - Level 10.0 Spellcasting
 - Level 10.0 Necromancy
 - Level 3.0 Translocations
 - Level 3.0 Earth Magic
 O Level 27 Invocations
 - Level 12.0 Evocations


You had 33 spell levels left.
You knew the following spells:

 Your Spells              Type           Power      Damage    Failure   Level
g - Apportation           Tloc           48%        N/A       1%          1
n - Dispel Undead         Necr           89%        3d28      1%          4
s - Fugue of the Fallen   Necr           89%        N/A       1%          3
w - Passwall              Erth           24%        N/A       5%          3
B - Blink                 Tloc           48%        N/A       2%          2

Your spell library contained the following spells:

 Spells                   Type           Power      Damage    Failure   Level
 Kiss of Death            Conj/Necr      100%       2d13      1%          1
 Necrotise                Necr           100%       1d9       1%          1
 Sandblast                Erth           48%        2d12      1%          1
 Lesser Beckoning         Tloc           48%        N/A       2%          2
 Momentum Strike          Conj/Tloc      34%        3d8       4%          2
 Magic Dart               Conj           44%        1d5       6%          1
 Shock                    Conj/Air       44%        1d5       6%          1
 Sting                    Conj/Alch      44%        1d5       6%          1
 Summon Small Mammal      Summ           44%        N/A       6%          1
 Anguish                  Hex/Necr       32%        N/A       8%          4
 Martyr's Knell           Necr/Summ      65%        N/A       8%          4
 Call Imp                 Summ           22%        N/A       9%          2
 Ensorcelled Hibernation  Hex/Ice        22%        N/A       9%          2
 Jinxbite                 Hex            22%        N/A       9%          2
 Mercury Vapours          Alch/Air       22%        N/A       9%          2
 Scorch                   Fire           22%        2d5       9%          2
 Static Discharge         Conj/Air       22%        3-4/arc   9%          2
 Stone Arrow              Conj/Erth      34%        3d9       10%         3
 Volatile Blastmotes      Fire/Tloc      34%        2d12      10%         3
 Death Channel            Necr           44%        N/A       16%         6
 Manifold Assault         Tloc           24%        N/A       17%         4
 Call Canine Familiar     Summ           11%        N/A       19%         3
 Confusing Touch          Hex            11%        N/A       19%         3
 Dazzling Flash           Conj/Hex       22%        N/A       19%         3
 Frozen Ramparts          Ice            22%        1d4       19%         3
 Inner Flame              Hex/Fire       11%        N/A       19%         3
 Mephitic Cloud           Conj/Alch/Air  11%        N/A       19%         3
 Ozocubu's Armour         Ice            11%        N/A       19%         3
 Sigil of Binding         Hex            11%        N/A       19%         3
 Swiftness                Air            11%        N/A       19%         3
 Tukima's Dance           Hex            11%        N/A       19%         3
 Brom's Barrelling Bould  Conj/Erth      17%        2d4       32%         4
 Dimensional Bullseye     Hex/Tloc       8%         N/A       32%         4
 Iskenderun's Mystic Bla  Conj/Tloc      17%        2d5       32%         4
 Leda's Liquefaction      Alch/Erth      8%         N/A       32%         4
 Petrify                  Alch/Erth      17%        N/A       32%         4
 Vhi's Electric Charge    Tloc/Air       34%        N/A       32%         4
 Airstrike                Air            5%         2d(1-17)  52%         4
 Cause Fear               Hex            5%         N/A       52%         4
 Flame Wave               Conj/Fire      11%        2d6       52%         4
 Ignite Poison            Fire/Alch      11%        N/A       52%         4
 Olgreb's Toxic Radiance  Alch           11%        N/A       52%         4
 Sticky Flame             Fire/Alch      11%        2d5       52%         4
 Summon Blazeheart Golem  Fire/Summ      11%        N/A       52%         4
 Summon Lightning Spire   Summ/Air       11%        N/A       52%         4
 Summon Forest            Summ/Tloc      8%         N/A       65%         5
 Arcjolt                  Conj/Air       5%         1d15      86%         5
 Freezing Cloud           Conj/Ice/Air   5%         6-21      86%         5
 Irradiate                Conj/Alch      5%         3d13      86%         5
 Iskenderun's Battlesphe  Conj           11%        2d7       86%         5
 Metabolic Englaciation   Hex/Ice        5%         N/A       86%         5
 Summon Mana Viper        Hex/Summ       11%        N/A       86%         5
 Yara's Violent Unravell  Hex/Alch       5%         3d4       86%         5
 Dispersal                Tloc           12%        N/A       95%         6
 Bombard                  Conj/Erth      8%         9d2       99%         6
 Plasma Beam              Fire/Air       5%         2x1d16    100%        6
 Sculpt Simulacrum        Ice/Alch       5%         N/A       100%        6
 Starburst                Conj/Fire      5%         6d4       100%        6
 Summon Cactus Giant      Summ           5%         N/A       100%        6
 Enfeeble                 Hex            5%         N/A       100%        7
 Haunt                    Necr/Summ      32%        N/A       100%        7
 Orb of Destruction       Conj           5%         9d5       100%        7
 Ozocubu's Refrigeration  Ice            5%         4d8       100%        7
 Spellforged Servitor     Conj/Summ      5%         N/A       100%        7
 Summon Hydra             Summ           5%         N/A       100%        7
 Discord                  Hex            5%         N/A       100%        8
 Disjunction              Tloc           12%        N/A       100%        8
 Ignition                 Fire           5%         3d4       100%        8
 Infestation              Necr           44%        N/A       100%        8
 Maxwell's Capacitive Co  Air            5%         ∞         100%        8
 Sublimation of Blood     Necr           Unusable   N/A       N/A         2
 Animate Dead             Necr           Unusable   N/A       N/A         4

Dungeon Overview and Level Annotations

Branches:
Dungeon (15/15)            Temple (1/1) D:7            Lair (5/5) D:8
 Shoals (4/4) Lair:2       Spider (4/4) Lair:2        Slime (5/5) Lair:4
    Orc (2/2) D:10            Elf (3/3) Orc:2        Vaults (5/5) D:14
  Crypt (3/3) Vaults:3       Tomb (0/3) Crypt:3      Depths (4/4) D:15
    Zot (5/5) Depths:4     WizLab (visited)

Altars:
Ashenzari
Cheibriados
Dithmenos
Fedhas
Gozag
Hepliaklqana
Kikubaaqudgha
Makhleb
Nemelex Xobeh
Okawaru
Qazlal
Ru
Sif Muna
Trog
Uskayaw
Vehumet
Wu Jian
Xom
Yredelemnul
Jiyva

Shops:
D:3 *   D:15 (((   Orc:2 =[**   Elf:1 ==[*(   Elf:2 [:[**=   Vaults:1 ((
Depths:1 *[

Portals:
Hell: Depths:1 Depths:2 Depths:3 Depths:4
Abyss: Depths:3 Depths:4
Pandemonium: Orc:2 Depths:1 Depths:2
Ziggurat: Depths:4


Innate Abilities, Weirdness & Mutations

You are immune to poison.
Your flesh is cold resistant. (rC+)
You are immune to negative energy. (rN+++)
You are immune to unholy pain and torment.
You are vulnerable to heat. (rF-)
You are strongly in touch with the powers of death.
You do not drink.
You have a special connection with the divine. (Faith)


Message History

You shoot an arrow. The arrow pierces through Ossoimiosi!!
Ossoimiosi is heavily wounded.
The arrow pierces through the Ice Fiend!!
The Ice Fiend is no longer distracted by gold.
The Ice Fiend is severely wounded.
Ossoimiosi is distracted by your dazzling golden aura.
The sun demon is distracted by your dazzling golden aura.
You shoot an arrow. The sun demon shouts!
Ossoimiosi bleats, "Begone, thou artless kobold-kissing measle!"
The arrow pierces through Ossoimiosi!
Ossoimiosi is no longer distracted by gold.
Ossoimiosi is heavily wounded.
The arrow pierces through the Ice Fiend but does no damage.
The Ice Fiend is severely wounded.
Ossoimiosi blinks!
Fire: a) +8 storm bow {elec, penet}
Press: ? - help, Q - select action, (/) - cycle Shift-Dir - straight line, f - sun demon, p - Ossoimiosi
Aim: a sun demon (almost dead, 79% to hit)
You shoot an arrow.
The arrow pierces through the Ice Fiend.
Lightning courses through the Ice Fiend!
The Ice Fiend is severely wounded.
The arrow barely misses the sun demon.
Fire: a) +8 storm bow {elec, penet}
Press: ? - help, Q - select action, (/) - cycle Shift-Dir - straight line, f/p - sun demon
Aim: a sun demon (almost dead, 79% to hit)
You shoot an arrow.
The arrow pierces through the Ice Fiend!
The Ice Fiend is almost dead.
The arrow pierces through the sun demon!!
You kill the sun demon!
Ossoimiosi is distracted by your dazzling golden aura.
The Ice Fiend is distracted by your dazzling golden aura.
A Tzitzimitl comes into view.
Fire: a) +8 storm bow {elec, penet}
Press: ? - help, Q - select action, (/) - cycle Shift-Dir - straight line, f - ynoxinul
Aim: a ynoxinul (82% to hit)
You shoot an arrow. The Ice Fiend roars!
Ossoimiosi shouts, "Accept thy failure, thou tasty luncheon!"
The arrow pierces through the Ice Fiend!!
The +7 toga "Victory" glows brightly.
You kill the Ice Fiend!
The arrow barely misses the ynoxinul.
You hear a chilling moan.
The Hell Sentinel is no longer distracted by gold.
A Hell Sentinel comes into view.
The Hell Sentinel is distracted by your dazzling golden aura.
You have escaped!

#......# #.##... #......#
##...÷.. #..%...# ##
##...#... #.....##
#.###.#÷.∩..5 ###.....#
#.#∩∩∩.#..##.. #.......#
##....$.........
#...###.###&..$...........
#...# #.##................
#...# #.#@$$..............
#########$2####.............
#......$11# #∩∩##∩.##.###∩
#.......$1##################
#...........................
#........###.#########......
#........##........# #......
#........##........###......
#........##........+........


You could see Ossoimiosi, 2 Hell Sentinels, a Tzitzimitl and a tormentor.

Vanquished Creatures
  3 dread liches
  3 ancient liches
  Frederick (Depths:4)
  6 orbs of fire
  Mara (Vaults:4)
  Sojobo (Depths:3)
  6 Killer Klowns
  Margery (Crypt:1)
  4 caustic shrikes
  2 curse toes
  Nikola (Depths:2)
  11 golden dragons
  Arachne (Spider:3)
  A bone dragon (Crypt:3)
  A hellephant (Zot:4)
  Zenata (Crypt:1)
  An Ice Fiend (D:1)
  6 electric golems
  21 tentacled monstrosities
  Jorgrun (D:12)
  A walking crystal tome (Depths:2)
  31 Orb Guardians
  A Hell Sentinel (D:11)
  The ghost of ballabu the Cloud Mage, an adept DrCj of Zin (Spider:1)
  4 titans (Vaults:5)
  2 walking divine tomes (Depths:2)
  Asterion (Spider:3)
  2 shard shrike skeletons (Crypt:1)
  5 quicksilver dragons
  6 liches
  A walking frostbound tome (Depths:2)
  3 deep elf master archers (Elf:3)
  19 acid blobs
  A searing wretch (Crypt:1)
  4 deep elf blademasters
  10 death cobs
  6 ancient champions (Crypt:3)
  7 sphinxes
  A kraken (Shoals:1)
  The ghost of Muffindrake the Geomancer, a journeyman DrEE of Cheibriados (Elf:2)
  Polyphemus (Shoals:4)
  An Executioner (Depths:1)
  13 shadow dragons
  12 storm dragons
  9 tengu reavers
  2 revenants (Crypt:1)
  Donald (Spider:2)
  Roxanne (Spider:3)
  The ghost of mn3067 the Brawler, a journeyman TrFi of Wu Jian (D:15)
  8 azure jellies
  5 protean progenitors
  3 nagarajas (Depths:3)
  2 draconian knights
  An iron dragon (Depths:2)
  A draconian scorcher (Zot:5)
  15 fire giants
  11 rockslimes
  4 deep elf sorcerers
  2 draconian shifters
  6 ghost moths
  23 vault wardens
  6 emperor scorpions
  12 frost giants
  A juggernaut zombie (Crypt:1)
  2 balrugs
  9 ghouls
  2 curse skulls (Crypt:3)
  10 draconian monks
  2 cacodemons
  3 draconian annihilators
  4 orc warlords
  18 very ugly things
  8 quicksilver oozes
  A spriggan defender (Depths:2)
  4 broodmothers
  6 deep elf elementalists
  A draconian stormcaller (Zot:3)
  A reaper (D:1)
  9 ironbound thunderhulks
  20 ironbound preservers
  14 stone giants
  A demonspawn blood saint (Depths:1)
  5 formless jellyfish
  3 lorocyprocas
  A demonspawn black sun (Depths:1)
  A deep elf demonologist (Elf:3)
  7 dire elephants
  3 black draconians
  6 vampire knights
  11 green draconians
  11 deep elf annihilators
  7 deep elf death magi
  2 bunyips (Zot:4)
  2 red draconians
  17 spark wasps
  3 purple draconians
  3 white draconians
  4 war gargoyles
  5 eidola
  12 ettins
  2 crystal guardians
  7 merfolk javelineers
  A blizzard demon (Depths:3)
  7 yellow draconians
  Snorg (D:10)
  3 green deaths
  10 merfolk impalers
  8 deep elf high priests
  An entropy weaver (shapeshifter) (Elf:1)
  4 rakshasas
  9 fire dragons
  6 entropy weavers
  6 jiangshi
  18 yaktaur captains
  2 spriggan zombies (Crypt:1)
  35 vault guards
  2 jorogumos
  12 great orbs of eyes
  2 spriggan air magi (Depths:3)
  13 ice dragons
  2 spriggan skeletons (Crypt:3)
  A demonspawn (Orc:2)
  A hell beast (D:1)
  4 hydras
  A quicksilver dragon skeleton (Crypt:3)
  The ghost of wooly the Grappler, a novice TrBe of Trog (D:9)
  14 ironbound frosthearts
  An Orb Guardian zombie (Crypt:2)
  2 catoblepae
  A radroach (Spider:2)
  2 peacekeepers
  6 merfolk avatars
  3 ogre magi
  An alligator snapping turtle (Shoals:1)
  5 death knights
  17 centaur warriors
  4 satyrs
  5 tengu warriors
  28 dancing weapons
  13 boulder beetles
  6 deep troll earth magi
  8 deep troll shamans
  11 hell hogs
  4 merfolk aquamancers
  5 vampire magi
  3 death yaks (Shoals:4)
  10 demonic crawlers
  12 two-headed ogres
  An Orb Guardian skeleton (Crypt:2)
  A bennu skeleton (Crypt:1)
  An occultist (Depths:2)
  4 orc high priests (Orc:2)
  2 spriggan berserkers
  4 sun demons
  24 hell knights
  Sonja (Orc:2)
  14 deep elf knights
  6 soul eaters
  2 titan skeletons (Crypt:3)
  12 iron trolls
  6 pharaoh ants
  2 shadow wraiths
  A sixfirhy (Orc:2)
  27 skeletal warriors
  6 skysharks
  An orb spider (shapeshifter) (D:15)
  4 sun moths (Spider:4)
  6 orb spiders
  An orange crystal statue (Shoals:1)
  25 ironbound convokers
  3 flayed ghosts
  A steelbarb worm (shapeshifter) (Vaults:5)
  69 deep trolls
  8 arcanists
  2 bog bodies
  A shadow dragon zombie (Crypt:1)
  5 glowing orange brains
  10 steelbarb worms
  9 lindwurms
  15 sea snakes
  10 deep elf archers
  17 orc knights
  11 phantasmal warriors
  2 spriggan simulacra
  A golden dragon skeleton (Crypt:3)
  25 harpies
  A jorogumo zombie (Crypt:3)
  21 ugly things
  A sun moth (shapeshifter) (Vaults:5)
  11 cyclopes
  10 necromancers
  A stone giant zombie (Crypt:2)
  22 wolf spiders
  13 manticores
  29 deep elf pyromancers
  32 deep elf zephyrmancers
  8 orc sorcerers
  19 fauns
  A shadow dragon skeleton (Crypt:2)
  A salamander (Depths:1)
  4 shining eyes
  A moth of wrath (shapeshifter) (Vaults:2)
  A manticore (shapeshifter) (Vaults:3)
  An iron dragon skeleton (Crypt:3)
  6 meliai
  A stone giant skeleton (Crypt:3)
  5 black mambas
  A shock serpent zombie (Crypt:1)
  2 eyes of devastation (Slime:4)
  A centaur zombie (D:10)
  2 kobold blastminers (Orc:2)
  2 meliai (shapeshifter)
  19 elephants
  4 merfolk sirens
  24 vault sentinels
  A torpor snail (shapeshifter) (Depths:2)
  An elf zombie (Vaults:2)
  2 gargoyles
  4 smoke demons (Depths:1)
  25 moths of wrath
  2 water nymphs
  10 cane toads
  2 hellions
  6 centaur skeletons
  5 torpor snails
  An alligator snapping turtle zombie (Crypt:1)
  2 unseen horrors
  A pale draconian zombie (Crypt:2)
  A naga skeleton (Crypt:1)
  A kobold demonologist (D:11)
  22 yaktaurs
  4 efreet
  5 rime drakes
  A redback zombie (D:10)
  A yellow draconian zombie (Crypt:1)
  2 tormentors
  6 komodo dragons
  12 tengu conjurers
  A catoblepas skeleton (Crypt:1)
  3 freezing wraiths
  34 merfolk
  10 trolls
  A death yak skeleton (Crypt:3)
  4 hellwings
  5 polar bears
  A harpy zombie (Crypt:3)
  7 wind drakes
  14 hornets
  A death drake skeleton (Crypt:3)
  22 tarantellas
  14 dream sheep
  A hydra skeleton (Crypt:3)
  14 blink frogs
  A human simulacrum (Vaults:2)
  A dream sheep (shapeshifter) (D:14)
  A fire dragon zombie (Crypt:2)
  3 glass eyes
  A meliai zombie (D:10)
  9 snapping turtles
  A vampire (D:11)
  2 ynoxinuls
  29 jumping spiders
  Sigmund (D:5)
  A fire dragon skeleton (Crypt:2)
  15 wraiths
  2 shadows
  115 slime creatures
  18 spriggans
  21 culicivoras
  5 air elementals
  8 wyverns
  13 water elementals
  Eustachio (D:4)
  A golden eye (Slime:5)
  2 fire elementals
  6 humans (Zot:4)
  71 redbacks
  40 yaks
  9 vampire mosquitoes
  6 basilisks
  6 wargs
  2 steam dragons
  Menkaure (D:7)
  2 chaos spawn
  3 acid dragons (D:11)
  A deep troll skeleton (Crypt:3)
  14 water moccasins
  37 orc warriors
  A demonspawn skeleton (Crypt:2)
  33 laughing skulls
  2 sky beasts (D:7)
  5 black bears
  5 small abominations (D:12)
  27 wolves
  A human skeleton (Vaults:2)
  11 ogres
  A human zombie (Vaults:2)
  6 boggarts
  18 centaurs
  A blink frog skeleton (Crypt:2)
  A swamp dragon skeleton (Crypt:2)
  2 phantoms
  6 kobold brigands
  Blork the orc (D:4)
  An earth elemental (Elf:1)
  9 bullfrogs
  A gnoll sergeant (D:10)
  2 scorpions
  10 wights
  11 killer bees
  3 howler monkeys
  A hound (D:5)
  2 jellies (D:6)
  2 bombardier beetles
  33 orc priests
  3 iguanas
  5 hell rats (Lair:3)
  23 orc wizards
  Ijyb (D:5)
  A boggart zombie (D:10)
  A boggart skeleton (D:14)
  Robin (D:3)
  14 gnolls
  3 adders
  4 shadow imps (D:10)
  4 white imps
  4 dart slugs
  2 ribbon worms
  90 orcs
  6 bats
  4 endoplasms
  A giant cockroach (D:1)
  19 goblins
  4 hobgoblins
  8 jackals
  2 quokkas (D:4)
  5 ball pythons
  2 frilled lizards (D:1)
  A frilled lizard skeleton (Crypt:1)
  11 kobolds
  A quokka skeleton (Crypt:1)
  4 rats
  3 aspiring fleshes (Zot:5)
  A tentacle (Shoals:1)
2565 creatures vanquished.

Vanquished Creatures (collateral kills)
  Xtahua (Crypt:1)
  Vv (Crypt:1)
  A tengu reaver (Depths:3)
  An orc high priest (Orc:2)
  A manticore (Shoals:1)
  A human (Zot:4)
  An orc warrior (Orc:2)
  An orc priest (Orc:2)
8 creatures vanquished.

Vanquished Creatures (others)
  A shadow dragon skeleton (Crypt:3)
  A deep elf pyromancer (Elf:2)
  A wolf spider (Spider:4)
  A manticore (Shoals:1)
  A slime creature (D:15)
  3 tentacles (Shoals:1)
8 creatures vanquished.

Grand Total: 2581 creatures vanquished

Notes
Turn   | Place    | Note
-------+----------+-------------------------------------------
     0 | D:1      | Ge0ff the Mummy Brigand began the quest for the Orb.
     0 | D:1      | Reached XP level 1. HP: 16/16 MP: 1/1
   563 | D:1      | Reached XP level 2. HP: 22/22 MP: 2/2
  1362 | D:2      | Reached XP level 3. HP: 13/27 MP: 3/3
  1900 | D:2      | Reached skill level 1 in Dodging
  1911 | D:2      | Reached XP level 4. HP: 15/34 MP: 4/4
  2716 | D:3      | Found Gesi's Assorted Antiques.
  2724 | D:3      | Bought a scroll labelled OSACOR VIUMIMP for 20 gold pieces
  2734 | D:3      | Bought a scroll labelled CICKES OXACS for 20 gold pieces
  3081 | D:3      | Noticed Robin
  3099 | D:3      | Killed Robin
  3611 | D:4      | Found a blossoming altar of Fedhas.
  3611 | D:4      | Found a basalt altar of Yredelemnul.
  3638 | D:4      | Reached XP level 5. HP: 41/41 MP: 5/5
  4009 | D:3      | Bought a silver wand for 80 gold pieces
  4132 | D:4      | Reached skill level 1 in Evocations
  4163 | D:4      | Noticed Eustachio
  4177 | D:4      | Killed Eustachio
  4178 | D:4      | Reached XP level 6. HP: 37/47 MP: 6/6
  4563 | D:4      | Noticed Blork the orc
  4578 | D:4      | Killed Blork the orc
  4717 | D:4      | Reached skill level 5 in Short Blades
  4733 | D:4      | Reached XP level 7. HP: 46/52 MP: 7/7
  5422 | D:5      | Entered Level 5 of the Dungeon
  5545 | D:5      | Noticed Sigmund
  5548 | D:5      | Killed Sigmund
  5551 | D:5      | Noticed Ijyb
  5554 | D:5      | Killed Ijyb
  5593 | D:5      | Found a shimmering altar of Xom.
  6129 | D:6      | Reached skill level 1 in Ranged Weapons
  6129 | D:6      | Reached XP level 8. HP: 60/60 MP: 8/8
  7316 | D:7      | Noticed Menkaure
  7318 | D:7      | Killed Menkaure
  7319 | D:7      | Reached skill level 5 in Ranged Weapons
  7598 | D:7      | Found a broken altar of Ashenzari.
  7640 | D:7      | Found an iron altar of Okawaru.
  7642 | D:7      | Found a runed translucent door.
  7646 | D:7      | Found the +0 toga "Victory" {*Victory Clar}
  7715 | D:7      | Reached XP level 9. HP: 65/65 MP: 9/9
  7976 | D:7      | Found a staircase to the Ecumenical Temple.
  7984 | Temple   | Entered the Ecumenical Temple
  7993 | Temple   | Became a worshipper of Gozag Ym Sagoz the Greedy
  8650 | D:7      | Found a staircase to the Ecumenical Temple.
  9077 | D:7      | Found a broken altar of Ashenzari.
  9123 | D:7      | Found an iron altar of Okawaru.
 10645 | D:8      | Found a staircase to the Lair.
 10680 | D:8      | Found a shimmering blue altar of Sif Muna.
 10743 | D:8      | Found an ancient bone altar of Kikubaaqudgha.
 10743 | D:8      | Found a burning altar of Makhleb.
 10744 | D:8      | Found a snail-covered altar of Cheibriados.
 10947 | D:8      | Found a staircase to the Lair.
 10979 | D:8      | Found a shimmering blue altar of Sif Muna.
 11167 | D:9      | Found a hazy altar of Hepliaklqana.
 11216 | D:9      | Reached XP level 10. HP: 33/71 MP: 10/10
 11501 | D:9      | Noticed a +0 dagger
 11529 | D:9      | Reached skill level 10 in Ranged Weapons
 11759 | D:9      | Noticed a deep troll
 11760 | D:9      | Found a bloodstained altar of Trog.
 11760 | D:9      | Noticed wooly's ghost (novice TrBe)
 11760 | D:9      | Noticed a two-headed ogre
 11762 | D:9      | Noticed a moth of wrath
 11767 | D:9      | Found a transporter.
 11784 | D:9      | Found a transporter.
 11784 | D:9      | Noticed a two-headed ogre
 11842 | D:9      | Noticed a +0 spear
 11842 | D:9      | Noticed a +0 dagger
 11842 | D:9      | Noticed a +0 short sword
 11843 | D:9      | Noticed a +0 spear
 11843 | D:9      | Noticed a +0 short sword
 11844 | D:9      | Noticed a +0 falchion
 11844 | D:9      | Noticed a +0 falchion
 11851 | D:9      | Found a hide-covered altar of Uskayaw.
 12294 | D:9      | Noticed a two-headed ogre
 12442 | D:9      | Killed a two-headed ogre
 12443 | D:9      | Reached skill level 5 in Fighting
 12496 | D:9      | Noticed a deep elf pyromancer
 12497 | D:9      | Noticed a gargoyle
 12497 | D:9      | Noticed a deep elf pyromancer
 12497 | D:9      | Noticed a manticore
 12501 | D:9      | Killed a deep elf pyromancer
 12513 | D:9      | Noticed a centaur warrior
 12680 | D:9      | Killed a gargoyle
 12681 | D:9      | Reached XP level 11. HP: 65/81 MP: 11/11
 12769 | D:9      | Killed a centaur warrior
 12772 | D:9      | Killed a deep elf pyromancer
 13200 | D:10     | Entered Level 10 of the Dungeon
 13200 | D:10     | Noticed Snorg
 13201 | D:10     | Noticed a two-headed ogre
 13204 | D:10     | Killed Snorg
 13223 | D:10     | Killed a two-headed ogre
 13226 | D:10     | Noticed a two-headed ogre
 13231 | D:10     | Killed a two-headed ogre
 13542 | D:10     | Noticed a two-headed ogre
 13545 | D:10     | Killed a two-headed ogre
 14548 | D:10     | Found a staircase to the Orcish Mines.
 14663 | D:11     | Reached XP level 12. HP: 74/94 MP: 12/12
 15425 | D:11     | Noticed a boulder beetle
 15431 | D:11     | Killed a boulder beetle
 15556 | D:11     | Noticed a two-headed ogre
 15559 | D:11     | Killed a two-headed ogre
 16237 | D:11     | Noticed a boulder beetle
 16246 | D:11     | Killed a boulder beetle
 16262 | D:11     | Noticed a boulder beetle
 16271 | D:11     | Killed a boulder beetle
 17458 | Lair:1   | Entered Level 1 of the Lair of Beasts
 17807 | Lair:1   | Reached skill level 10 in Fighting
 18164 | Lair:1   | Gained mutation: You are strongly in touch with the powers
                  | of death. [Mummy growth]
 18164 | Lair:1   | Reached XP level 13. HP: 103/103 MP: 13/13
 18168 | Lair:1   | Learned a level 3 spell: Fugue of the Fallen
 18535 | Lair:2   | Reached skill level 1 in Spellcasting
 18570 | Lair:2   | Reached skill level 15 in Ranged Weapons
 18570 | Lair:2   | Reached skill level 1 in Necromancy
 19348 | Lair:2   | Found a staircase to the Shoals.
 19565 | Lair:2   | Found a hole to the Spider Nest.
 20192 | Lair:3   | Reached skill level 1 in Armour
 20428 | Lair:3   | Reached skill level 5 in Spellcasting
 21599 | Lair:4   | Found a runed translucent door.
 21599 | Lair:4   | Found a viscous altar of Jiyva.
 21599 | Lair:4   | Noticed an acid blob
 21660 | Lair:4   | Noticed a fire dragon
 21669 | Lair:4   | Killed a fire dragon
 21670 | Lair:4   | Reached XP level 14. HP: 80/111 MP: 21/21
 21684 | Lair:4   | Learned a level 1 spell: Apportation
 21841 | Lair:4   | Found a staircase to the Slime Pits.
 21841 | Lair:4   | Noticed an acid blob
 21841 | Lair:4   | Noticed an acid blob
 22597 | Lair:5   | Entered Level 5 of the Lair of Beasts
 22980 | Lair:5   | Reached skill level 1 in Translocations
 23020 | Lair:5   | Found an iron altar of Okawaru.
 23021 | Lair:5   | Identified a scroll of acquirement
 23024 | Lair:5   | Acquired 719 gold pieces
 23504 | Lair:5   | Reached skill level 5 in Necromancy
 24777 | Orc:1    | Entered Level 1 of the Orcish Mines
 25020 | Orc:2    | Entered Level 2 of the Orcish Mines
 25026 | Orc:2    | Noticed Sonja
 25028 | Orc:2    | Killed Sonja
 25729 | Orc:2    | Found a staircase to the Elven Halls.
 26126 | Orc:2    | Found Ezeruf's General Store.
 26129 | Orc:2    | Found Hyagon's General Store.
 26155 | Orc:2    | Reached skill level 5 in Evocations
 26344 | Orc:2    | Bought a scroll of immolation for 60 gold pieces
 26346 | Orc:2    | Bought a scroll of fog for 68 gold pieces
 26346 | Orc:2    | Bought the +2 pair of gloves of New Discoveries {*Corrode
                  | rF+ Int+2} for 460 gold pieces
 27551 | Orc:2    | Reached XP level 15. HP: 119/119 MP: 22/22
 27782 | Orc:2    | Found Roxa's Jewellery Shop.
 27782 | Orc:2    | Found Houxza's Antique Armour Boutique.
 27783 | Orc:2    | Found a one-way gate leading to the halls of Pandemonium.
 27787 | Orc:2    | Bought a heavily runed helmet for 190 gold pieces
 27787 | Orc:2    | Identified the +0 helmet of Unambiguity {SInv} (You bought
                  | it in a shop on level 2 of the Orcish Mines)
 27787 | Orc:2    | Bought a steaming scale mail for 180 gold pieces
 27787 | Orc:2    | Identified the +7 scale mail of Heseteq {^Drain Str+8
                  | Dex+2} (You bought it in a shop on level 2 of the Orcish
                  | Mines)
 27787 | Orc:2    | Bought a translucent ring mail for 180 gold pieces
 27787 | Orc:2    | Identified the +1 ring mail of Budockiecy {Regen+ Int-4
                  | Dex+4} (You bought it in a shop on level 2 of the Orcish
                  | Mines)
 27954 | D:12     | Found a stormy altar of Qazlal.
 28218 | D:12     | Noticed Jorgrun
 28228 | D:12     | Killed Jorgrun
 28521 | D:3      | Bought a bone ring for 100 gold pieces
 29121 | D:12     | Found a runed translucent door.
 30455 | D:12     | Noticed a tentacled monstrosity
 30455 | D:12     | Found the +8 Vampire's Tooth {megavamp}
 31050 | D:12     | Killed a tentacled monstrosity
 31051 | D:12     | Reached skill level 5 in Dodging
 32393 | D:13     | Found a snail-covered altar of Cheibriados.
 32977 | D:14     | Found a gate to the Vaults.
 33051 | D:14     | You fall into a shaft and drop 1 floor!
 33051 | D:15     | Entered Level 15 of the Dungeon
 33339 | D:15     | Found a staircase to the Depths.
 34624 | D:15     | Found a runed translucent gate.
 34624 | D:15     | Found a runed translucent gate.
 34624 | D:15     | Noticed mn3067's ghost (journeyman TrFi)
 34638 | D:15     | Found a runed translucent gate.
 34705 | D:15     | Reached XP level 16. HP: 131/131 MP: 20/23
 35332 | D:15     | Bought a transparent shortbow for 272 gold pieces
 35332 | D:15     | Identified the +1 shortbow of the Skies Above {heavy, MP+9}
                  | (You bought it in a shop on level 15 of the Dungeon)
 35341 | D:15     | Bought a translucent orcbow for 314 gold pieces
 35341 | D:15     | Identified the +7 orcbow of Ornamental Optimality {heavy,
                  | rPois rF+ Str-5 Dex+2} (You bought it in a shop on level 15
                  | of the Dungeon)
 35341 | D:15     | Bought a twisted orcbow for 314 gold pieces
 35341 | D:15     | Identified the +2 orcbow of Nemelex Xobeh {freeze, Will+
                  | Str+4 Stlth-} (You bought it in a shop on level 15 of the
                  | Dungeon)
 35553 | Shoals:1 | Entered Level 1 of the Shoals
 35884 | Shoals:1 | Found a transporter.
 35982 | Shoals:1 | Reached skill level 1 in Invocations
 36050 | Shoals:1 | Found a transporter.
 36198 | Shoals:1 | Noticed a kraken
 36205 | Shoals:1 | Killed a kraken
 36456 | Shoals:2 | Reached skill level 2 in Invocations
 38515 | Shoals:3 | Identified the +2 rapier of Dominance {protect, rElec rC-
                  | Str+5}
 39109 | Shoals:4 | Entered Level 4 of the Shoals
 39268 | Shoals:3 | Reached XP level 17. HP: 118/140 MP: 24/24
 39358 | Shoals:4 | Reached skill level 15 in Fighting
 39566 | Shoals:4 | Got a barnacled rune of Zot
 39917 | Shoals:4 | Noticed Polyphemus
 39921 | Shoals:4 | Killed Polyphemus
 39973 | Shoals:4 | Identified the ring "Moehul" {rN+ Will+ rCorr}
 40036 | Shoals:4 | Identified the +8 bardiche of Blind Justice {pain, rElec
                  | Str-4 Dex+3}
 40641 | Shoals:4 | Identified the +1 robe of Pride {Regen+ Int+3}
 40915 | Spider:1 | Entered Level 1 of the Spider Nest
 41073 | Spider:1 | Found a runed translucent door.
 41091 | Spider:1 | Noticed ballabu's ghost (adept DrCj)
 42105 | Spider:2 | Reached skill level 5 in Armour
 42212 | Spider:2 | Noticed Donald
 42666 | Spider:2 | Killed Donald
 42781 | Spider:2 | Reached XP level 18. HP: 134/151 MP: 25/25
 42852 | Spider:2 | Acquired 943 gold pieces
 43350 | Spider:3 | Noticed Arachne
 43375 | Spider:3 | Killed Arachne
 43557 | Spider:3 | Noticed Asterion
 43567 | Spider:3 | Killed Asterion
 43753 | Spider:3 | Noticed Roxanne
 44187 | Spider:3 | Killed Roxanne
 44284 | Spider:4 | Entered Level 4 of the Spider Nest
 47006 | Spider:4 | Reached skill level 10 in Dodging
 47033 | Spider:4 | Identified the orb of Benevolence {mayhem, ^Contam Harm Air
                  | Earth}
 47036 | Spider:4 | Got a gossamer rune of Zot
 47391 | Elf:1    | Entered Level 1 of the Elven Halls
 47449 | Orc:2    | Bought the amulet of Xomorot {Reflect +Blink Str+2 SH+5}
                  | for 723 gold pieces
 47465 | Orc:2    | Learned a level 3 spell: Passwall
 47470 | Orc:2    | Learned a level 4 spell: Dispel Undead
 47631 | D:9      | Killed wooly's ghost
 48010 | D:15     | Killed mn3067's ghost
 48100 | D:15     | Got the Disquisition on the Torch and Formation
 48288 | D:15     | Found Avuo's Antique Weapon Shoppe.
 48289 | D:15     | Found Obuf's Antique Weapon Boutique.
 48290 | D:15     | Found Kuefry's Antique Weapon Boutique.
 48438 | D:15     | Found a staircase to the Depths.
 49326 | Lair:4   | Found a viscous altar of Jiyva.
 49329 | Lair:4   | Found a staircase to the Slime Pits.
 50120 | Spider:1 | Killed ballabu's ghost
 50198 | Spider:1 | Identified the +5 quarterstaff of Cuebb {freeze, Dex+3}
 50452 | Elf:1    | Reached XP level 19. HP: 118/161 MP: 29/29
 50936 | Elf:1    | Found Deril's Jewellery Shop.
 51147 | Elf:1    | Found a transporter.
 51147 | Elf:1    | Found Nulut's General Store.
 51149 | Elf:1    | Found a transporter.
 51220 | Elf:1    | Found Adeubuw's Jewellery Emporium.
 51275 | Elf:1    | Found Fioffum's Antique Armour Shop.
 51569 | Elf:1    | Found Tusi's Weapon Shop.
 52566 | Elf:1    | Found a radiant altar of Vehumet.
 52718 | Elf:2    | Found a large runed translucent door.
 52718 | Elf:2    | Found a large runed translucent door.
 52722 | Elf:2    | Noticed Muffindrake's ghost (journeyman DrEE)
 52755 | Elf:2    | Paralysed by an air elemental for 1 turns
 52757 | Elf:2    | Paralysed by an air elemental for 1 turns
 52917 | Elf:2    | Found a huge runed translucent gate.
 52917 | Elf:2    | Found a huge runed translucent gate.
 52917 | Elf:2    | Found a huge runed translucent gate.
 52917 | Elf:2    | Found a huge runed translucent gate.
 52918 | Elf:2    | Found a huge runed translucent gate.
 53159 | Elf:2    | Killed Muffindrake's ghost
 55833 | Elf:3    | Entered Level 3 of the Elven Halls
 58316 | Elf:3    | Reached XP level 20. HP: 147/172 MP: 32/32
 58321 | Elf:3    | Identified the +0 scale mail "Vukhlun" {^Contam Str+5
                  | Int+3}
 58658 | Elf:3    | Identified the ring of Nigosir {EV+5 Int+3}
 59134 | Elf:3    | Got the Book of the Tundras
 59499 | Vaults:1 | Entered Level 1 of the Vaults
 59504 | Vaults:1 | Found Coycsase's Weapon Shoppe.
 60632 | Vaults:1 | Found Sizaq's Antique Weapon Shoppe.
 60691 | Vaults:1 | Reached skill level 5 in Throwing
 61067 | Vaults:1 | Reached skill level 10 in Necromancy
 61721 | Vaults:2 | Reached skill level 3 in Invocations
 61824 | Vaults:2 | Identified the +5 hand axe of the Warrior-Mage {holy, *Rage
                  | rN++ Str+6}
 62027 | Vaults:2 | Reached skill level 10 in Spellcasting
 62323 | Vaults:2 | Found a portal to a secret trove of treasure.
 63278 | Vaults:2 | Reached skill level 4 in Invocations
 63330 | Vaults:2 | Reached XP level 21. HP: 181/184 MP: 35/35
 64322 | Vaults:3 | Reached skill level 5 in Invocations
 64578 | Vaults:3 | Identified the +0 leather armour of Uciahuvi {Will+ Str+6}
 65219 | Vaults:3 | Found a staircase to the Crypt.
 65251 | Vaults:3 | Reached skill level 6 in Invocations
 65349 | Vaults:3 | Identified the staff "Hatup" {Int+3 Earth}
 65875 | Vaults:4 | Noticed a dread lich
 65889 | Vaults:4 | Found a transporter.
 65909 | Vaults:4 | Found a transporter.
 66418 | Vaults:4 | Noticed Mara
 66434 | Vaults:4 | Noticed Ge0ff's illusion
 66876 | Vaults:4 | Killed Mara
 66924 | Vaults:4 | Reached skill level 7 in Invocations
 66932 | Vaults:4 | Killed a dread lich
 66933 | Vaults:4 | Reached XP level 22. HP: 198/198 MP: 31/36
 67451 | Vaults:4 | Identified the staff "Eqokk" {^Drain Str+5 Conj}
 67471 | Vaults:4 | Identified the ring of the Sufficient Sultana {Ice rN+
                  | Str+3 Int+3 Dex-2}
 67645 | Crypt:1  | Entered Level 1 of the Crypt
 67677 | Crypt:1  | Noticed Vv
 67698 | Crypt:1  | Killed Vv
 67789 | Crypt:1  | Noticed Xtahua
 67794 | Crypt:1  | Found a magical portal.
 67797 | WizLab   | Entered Doroklohe's Tomb
 68813 | Crypt:1  | Killed Xtahua
 69169 | Crypt:1  | Reached skill level 8 in Invocations
 69220 | Crypt:1  | Noticed Zenata
 69715 | Crypt:1  | Reached skill level 10 in Evocations
 69879 | Crypt:1  | Noticed Margery
 69881 | Crypt:1  | Killed Zenata
 69894 | Crypt:1  | Killed Margery
 71796 | Crypt:2  | Reached skill level 9 in Invocations
 72640 | Crypt:3  | Entered Level 3 of the Crypt
 72648 | Crypt:3  | Found a staircase to the Tomb.
 72716 | Crypt:3  | Identified the +0 leather armour "Icsofoyn" {rElec Str+3}
 72942 | Crypt:3  | Found the +7 captain's cutlass {speed, disarm}
 73556 | Crypt:3  | Reached skill level 10 in Invocations
 74298 | Crypt:3  | Reached XP level 23. HP: 206/206 MP: 32/37
 74301 | Crypt:3  | Noticed a dread lich
 74301 | Crypt:3  | Noticed a dread lich
 74426 | Crypt:3  | Killed a dread lich
 74495 | Crypt:3  | Killed a dread lich
 74506 | Crypt:3  | Identified the +2 robe of Parlour Games {+Blink}
 74545 | Crypt:3  | Identified the staff "Unytesiw" {rC+ Will+ rCorr Str+3 Summ
                  | Ice}
 74548 | Crypt:3  | Identified the +9 whip of Pujanick {pain, rC++ Dex+3}
 74555 | Crypt:3  | Identified the ring "Xigy" {rN+ rCorr Slay-2 SInv}
 74555 | Crypt:3  | Identified the ring "Erackace" {rN+ Will- Str+6}
 75072 | Shoals:1 | Reached skill level 11 in Invocations
 75100 | Shoals:1 | Identified the +1 helmet "Upnosu Xocu" {-Tele rC+ Int+3
                  | Stlth+}
 75370 | Depths:1 | Entered Level 1 of the Depths
 75767 | Depths:1 | Found a gateway to Hell.
 75920 | Depths:1 | Found Heohus's General Store.
 75925 | Depths:1 | Found Foecil's Armour Emporium.
 75929 | Depths:1 | Bought a wand of paralysis (4) for 124 gold pieces
 76076 | Depths:1 | Found a bloodstained altar of Trog.
 76593 | Depths:2 | Found a huge runed translucent gate.
 76593 | Depths:2 | Found a huge runed translucent gate.
 76593 | Depths:2 | Found a huge runed translucent gate.
 76593 | Depths:2 | Found a huge runed translucent gate.
 76593 | Depths:2 | Found a huge runed translucent gate.
 76593 | Depths:2 | Found a huge runed translucent gate.
 76593 | Depths:2 | Found a huge runed translucent gate.
 76593 | Depths:2 | Found a huge runed translucent gate.
 76593 | Depths:2 | Found a huge runed translucent gate.
 76593 | Depths:2 | Found a huge runed translucent gate.
 76593 | Depths:2 | Found a huge runed translucent gate.
 76593 | Depths:2 | Found a huge runed translucent gate.
 76593 | Depths:2 | Found a huge runed translucent gate.
 76593 | Depths:2 | Found a huge runed translucent gate.
 76593 | Depths:2 | Found a huge runed translucent gate.
 76593 | Depths:2 | Found a huge runed translucent gate.
 76593 | Depths:2 | Found a huge runed translucent gate.
 76593 | Depths:2 | Found a huge runed translucent gate.
 76593 | Depths:2 | Found a huge runed translucent gate.
 76593 | Depths:2 | Found a huge runed translucent gate.
 76652 | Depths:2 | Reached skill level 12 in Invocations
 76912 | Depths:2 | Identified the ring of Fakkilar {*Slow Will+++ AC+4 Int+5}
 77930 | Depths:2 | Reached skill level 13 in Invocations
 79313 | Depths:2 | Noticed a caustic shrike
 79313 | Depths:2 | Noticed Nikola
 79361 | Depths:2 | Reached skill level 14 in Invocations
 79461 | Depths:2 | Killed a caustic shrike
 79466 | Depths:2 | Reached XP level 24. HP: 137/214 MP: 37/37
 79589 | Depths:2 | Killed Nikola
 79590 | Depths:2 | Reached skill level 15 in Dodging
 80169 | Depths:2 | Identified the +4 spear "Ridwuydd" {spect, rC+}
 80246 | Depths:3 | Found a one-way gate to the infinite horrors of the Abyss.
 80356 | Depths:3 | Reached skill level 15 in Invocations
 80685 | Depths:3 | Found the +5 demon whip "Spellbinder" {antimagic, disrupt,
                  | Will+}
 81020 | Depths:3 | Found a burning altar of Makhleb.
 81136 | Depths:3 | Reached skill level 16 in Invocations
 81265 | Depths:3 | Noticed Sojobo
 81783 | Depths:3 | Paralysed by an air elemental for 1 turns
 81787 | Depths:3 | Killed Sojobo
 81995 | Depths:3 | Identified the +6 demon trident "Beklasyo" {drain, rN+
                  | Dex+4}
 82449 | Depths:3 | Identified the +8 falchion of the Gazing Augurer
                  | {antimagic, rF++ Str+3}
 82588 | Depths:4 | Entered Level 4 of the Depths
 82689 | Depths:4 | Found a one-way gateway to a ziggurat.
 83070 | Depths:4 | Reached skill level 17 in Invocations
 83834 | Depths:4 | Found a gate to the Realm of Zot.
 83959 | Depths:4 | Identified the orb "Amen" {*channel, rC+ Dex-4 Slay+3}
 83959 | Depths:4 | Noticed Frederick
 83970 | Depths:4 | Killed Frederick
 84066 | Depths:4 | Reached skill level 18 in Invocations
 84532 | Vaults:5 | Entered Level 5 of the Vaults
 84921 | Vaults:5 | Learned a level 2 spell: Blink
 85450 | Vaults:5 | Identified the amulet of Nedeewaz {Reflect rPois SH+5}
 85454 | Vaults:5 | Reached skill level 1 in Earth Magic
 85761 | Vaults:5 | Reached XP level 25. HP: 148/221 MP: 37/37
 86091 | Vaults:5 | Reached skill level 19 in Invocations
 86490 | Vaults:5 | Identified the ring of Wino {rCorr AC+4 Slay+3}
 87294 | Vaults:5 | Noticed an ancient lich
 87298 | Vaults:5 | Killed an ancient lich
 87496 | Vaults:5 | Reached skill level 20 in Invocations
 87734 | Vaults:5 | hello there
 87852 | Vaults:5 | Identified the +2 quarterstaff "Esmus" {spect, Dex+3}
 88342 | Vaults:5 | Identified the staff "Impbane" {rElec rN++ Will+ Int+3
                  | Stlth- Air}
 88526 | Vaults:5 | Got a silver rune of Zot
 91098 | Elf:1    | Paralysed by an air elemental for 1 turns
 91118 | Elf:1    | Reached skill level 21 in Invocations
 91613 | Zot:1    | Entered Level 1 of the Realm of Zot
 91711 | Zot:1    | Identified the ring of Ywienn {rElec rPois rF+ rC+ Will+}
 92569 | Zot:2    | Noticed an orb of fire
 92914 | Zot:2    | Killed an orb of fire
 92915 | Zot:2    | Reached skill level 22 in Invocations
 94093 | Zot:3    | Reached XP level 26. HP: 211/228 MP: 23/38
 94921 | Zot:3    | Reached skill level 23 in Invocations
 95477 | Vaults:2 | You paid a toll of a +8 demon whip to enter a treasure
                  | trove
 95478 | Trove    | Entered a treasure trove
 95506 | Trove    | Identified the +0 great mace "Synwealu" {heavy, rPois Str+2
                  | Dex+3 Stlth-}
 96647 | Zot:4    | Found a stormy altar of Qazlal.
 96727 | Zot:4    | Acquired the +5 orcbow "Kekk" {drain, rElec rC+ Will+}
 97397 | Zot:4    | Reached skill level 24 in Invocations
 98083 | Zot:4    | Found a stormy altar of Qazlal.
 98311 | Zot:5    | Entered Level 5 of the Realm of Zot
 99985 | Zot:5    | Noticed an orb of fire
 99987 | Zot:5    | Noticed an orb of fire
 99989 | Zot:5    | Noticed an orb of fire
 99992 | Zot:5    | Noticed an orb of fire
100001 | Zot:5    | Killed an orb of fire
100005 | Zot:5    | Noticed an orb of fire
100007 | Zot:5    | Killed an orb of fire
100011 | Zot:5    | Killed an orb of fire
100011 | Zot:5    | Killed an orb of fire
100012 | Zot:5    | Reached skill level 25 in Invocations
100014 | Zot:5    | Noticed an ancient lich
100015 | Zot:5    | Killed an orb of fire
100020 | Zot:5    | Killed an ancient lich
100405 | Zot:5    | Reached XP level 27. HP: 104/235 MP: 39/39
100445 | Zot:5    | Noticed an ancient lich
100455 | Zot:5    | Killed an ancient lich
100848 | Zot:5    | Reached skill level 26 in Invocations
101968 | Slime:1  | Entered Level 1 of the Pits of Slime
103383 | Slime:4  | Found a viscous altar of Jiyva.
103523 | Slime:5  | Entered Level 5 of the Pits of Slime
104078 | Slime:5  | Noticed the Royal Jelly
104080 | Slime:5  | the Royal Jelly changed into a shadow dragon shaped Royal
                  | Jelly
104080 | Slime:5  | Noticed a shadow dragon shaped Royal Jelly
104843 | Slime:5  | Killed a shadow dragon shaped Royal Jelly
105016 | Slime:5  | Reached skill level 27 in Invocations
105252 | Slime:5  | Identified the staff of Founourph {rPois Int+3 Conj}
105294 | Slime:5  | Got the Spellbook of the Necropsy
105313 | Slime:5  | Identified the +5 chain mail of Insatiable Hunger {rPois
                  | rF+ Int+3}
105328 | Slime:5  | Identified the +10 triple sword "Wutakhem" {freeze, SInv}
105330 | Slime:5  | Got a slimy rune of Zot
105331 | Slime:5  | Identified the staff "Naakaubo" {Int+2 Conj}
105983 | Elf:2    | Bought a wand of mindburst (7) for 147 gold pieces
105983 | Elf:2    | Bought a scroll of fog for 60 gold pieces
105983 | Elf:2    | Bought a wand of iceblast (5) for 180 gold pieces
105984 | Elf:2    | Bought a scroll of teleportation for 69 gold pieces
105984 | Elf:2    | Bought a scroll of vulnerability for 92 gold pieces
106501 | Zot:5    | Got the Orb of Zot
106607 | Zot:2    | Noticed Xewujum the pandemonium lord
106797 | Depths:1 | Reached skill level 5 in Stealth
108183 | D:1      | Noticed Ossoimiosi the pandemonium lord
108199 | D:$      | Escaped with the Orb!

Illustrated notes

*,*,*,*,,,*,,,,***,,,,,,,**,,,**,
,,*,,,*,*,#...,**..**,,,****+****
*,*,*,,,*,#.$.,**.#***,** **,** *
*,*,*,*,*,#....**.##**,* **,,,**
*,*,*,*,*,#....##..#*,,***,,,,,**
*,,,*,*,,.#....#...,,,***,,,,,,,*
*,*,,,*,,.........******,,,,,,,,,
*********.......$################
,,,,,,,,,.......@.).)........$...
,,,,,,,,,............)...........
*********########################


Turn 87734 on Vaults:5: hello there

Levels and vault maps discovered:
D:1:      amcnicky_arrival_abandoned_market, layout_basic
D:2:      minmay_wonky_spiral, layout_loops_corners
D:3:      layout_basic, serial_shops, shop, kennysheep_generic_room_3,
          uniq_robin
D:4:      layout_basic, gammafunk_temple_overflow_forgotten,
          kennysheep_generic_room_16, uniq_blork_the_orc, uniq_eustachio
D:5:      layout_rooms, xom_teletrap_fun, uniq_sigmund, uniq_ijyb
D:6:      layout_gridville
D:7:      layout_basic, ashenzari_altar_1,
          nicolae_overflow_guarded_unrand_okawaru_victory,
          minmay_temple_entry_junction, uniq_menkaure
D:8:      layout_rooms, lemuel_blue_sif_altar, gammafunk_temple_overflow_claw,
          erik_lair_orcish_takeover
D:9:      minmay_chambers_of_sevens, layout_small_grid,
          mainiacjoe_overflow_concentric_impassable, nicolae_uskayaw_en_pointe,
          gammafunk_ghost_wrathful_warriors
D:10:     cheibrodos_grave_circle, layout_cave_pools,
          kennysheep_orc_monster_closet_entryway, uniq_snorg
D:11:     minmay_the_grid_octo_2x2 [minmay_the_grid_octo_concentric,
          minmay_the_grid_octo_checkered, minmay_the_grid_octo_odd_swirl,
          minmay_the_grid_octo_prize_ultimate_mussel_roller], layout_stronghold
D:12:     cheibrodos_body_horror, layout_basic, grunt_qazlal_clouds,
          uniq_jorgrun
D:13:     layout_layer_cave, hangedman_abyss_or_decor_clamps, slow_altar_2
D:14:     layout_gridville, hangedman_vaults_entry_quadrant_bands,
          chequers_arboretum
D:15:     grunt_enter_depths_hoard, layout_basic, gammafunk_ghost_split,
          serial_bayou_pond_d
Temple:   hellmonk_temple_flake
Lair:1:   layout_roguey
Lair:2:   layout_roguey, mainiacjoe_shoals_entry_four_pools,
          spider_nest_entry_a, lemuel_old_faithful
Lair:3:   layout_roguey, lemuel_fruit_tree, grunt_megastairs_4
Lair:4:   dragon1_lemuel, layout_small_grid, slime_entry_2, pond
Lair:5:   minmay_lair_end_enchanted_forest, layout_layer_cave, basic_altar,
          grunt_megastairs_2
Shoals:1: gammafunk_sealed_arena, layout_shoals,
          nicolae_shoals_kraken_intersection
Shoals:2: layout_shoals, nicolae_shoals_shepherds
Shoals:3: layout_shoals
Shoals:4: shoals_end_simple, layout_shoals, uniq_polyphemus
Spider:1: layout_spider_delve, ebering_ghost_reflecting_pool,
          nicolae_spider_nooks_and_crannies
Spider:2: layout_spider_delve, uniq_donald
Spider:3: layout_spider_delve, uniq_arachne, uniq_asterion, uniq_roxanne
Spider:4: grunt_spider_rune_island
Slime:1:  layout_caves
Slime:2:  layout_caves
Slime:3:  layout_caves
Slime:4:  layout_caves, basic_altar
Slime:5:  slime_pit
Orc:1:    layout_diamond_mine, basic_altar
Orc:2:    pf_orc_diabolical, layout_caves, uniq_sonja
Elf:1:    layout_loops_cross, serial_shops, nicolae_shop_tiny_real_fake_doors,
          nicolae_shop_behind_doors, nicolae_shop_pleasant_corner_grove,
          nicolae_shop_statue_plus, nicolae_shop_drivethru, evilmike_minifort,
          hangedman_elf_disciples, lemuel_upstairs_altar
Elf:2:    elven_hall_of_blades_hangedman_alternative
          [nooodl_blade_entry_preview], layout_loops_cross,
          ebering_ghost_disaster_area
Elf:3:    minmay_elf_hall_statues, layout_geoelf_grid, grunt_ministairs_4
Vaults:1: v_misc_26, nicolae_vaults_shipping_containers_5, v_misc_10,
          nicolae_vaults_tetromino_Z_1, nicolae_vaults_house_1,
          vaults_standard_mumra_enter_the_diamond, nicolae_vaults_arrows,
          v_alt_pattern_6, nicolae_vaults_trapezoid_lopsided_1,
          hangedman_vaults_stitches, nicolae_vaults_little_squares_6,
          layout_vaults_maze, serial_shops, nicolae_shop_advertising_works
          [nicolae_subvault_shop_adworks], nicolae_shop_behind_doors
Vaults:2: ontoclasm_vaults_ligature, nicolae_vaults_closet_pinwheel_6,
          grunt_vaults_hallway_long, nicolae_vaults_octagons,
          nicolae_vaults_turnstiles, hangedman_vaults_stagger,
          vaults_standard_mumra_x, nicolae_vaults_six-pack,
          ontoclasm_vaults_loading_screen, layout_vaults_chaotic_city,
          nicolae_trove_entry_columns
Vaults:3: minmay_crypt_entry_simple_plaza, nicolae_vaults_offset_grid_hallway_2,
          nicolae_vaults_heist, nicolae_vaults_network_star,
          nicolae_vaults_more_shelving_1, v_misc_26,
          nicolae_vaults_surprise_closet_hard, nicolae_vaults_rhombus_5,
          nicolae_vaults_mini_display_case, layout_vaults_omnigrid
Vaults:4: nicolae_vaults_rhombus_6, nicolae_vaults_trapezoid_lopsided_3,
          gammafunk_the_bubble [the_bubble_gammafunk_split],
          nicolae_vaults_ninety_degrees, nicolae_vaults_network_quinsquares
          [nicolae_vaults_network_quincunx_subvault,
          nicolae_vaults_network_quincunx_subvault,
          nicolae_vaults_network_quincunx_subvault,
          nicolae_vaults_network_quincunx_subvault], vaults_room_large_hall,
          ontoclasm_vaults_gateway, nicolae_vaults_rhombus_6,
          nicolae_vaults_house_1, ontoclasm_vaults_hangar,
          nicolae_vaults_network_barrier, vaults_dpeg_hooks,
          nicolae_vaults_border_crossing, nicolae_vaults_tetromino_Z_1,
          layout_vaults_big_cross, uniq_mara
Vaults:5
Crypt:1:  hangedman_staggered_hall, layout_regular_city, mu_enter_wizlab_5,
          uniq_zenata, uniq_margery, uniq_vv, uniq_xtahua
Crypt:2:  layout_misc_corridors, corner_web_ring, nicolae_crypt_stairs_room
Crypt:3:  david_glass_crypt, layout_basic
Depths:1: layout_twisted_cross, hellmouth_3, minmay_misc_feat_square,
          rand_demon_pan_entry_3, trog_three_pillars_becter, minmay_shoptagon
Depths:2: minmay_connected_boxes_in_corner, layout_gridlike,
          grunt_pan_entry_sceptre, hangedman_tar_grid_catacomb,
          bh_walls_and_bars, reverse_door_vault, uniq_nikola
Depths:3: regret_index_makhleb_lecture_halls, layout_cave_pools, minivault_14,
          abyss_entry, hell_entry, minmay_staircase_windowed_small, uniq_sojobo
Depths:4: grunt_zot_entry_hairpin, layout_basic, enter_ziggurat_a,
          serial_bayou_pond_d, abyss_entry, pf_coc_iceberg, uniq_frederick
Zot:1:    layout_onion_interference, regret_index_zotdec_glowing_original
Zot:2:    layout_gridville
Zot:3:    regret_index_malice_mire, layout_onion_interference
Zot:4:    circus_mu, layout_misc_corridors, regret_index_zotdec_storm_pass,
          nicolae_tricolors
Zot:5:    layout_misc_corridors

Skill      XL: |  1  2  3  4  5  6  7  8  9 10 11 12 13 14 15 16 17 18 19 20 21 22 23 24 25 26 27 |
---------------+----------------------------------------------------------------------------------+-----
Short Blades   | 2 3 4 5 6 7 |  7.0
Dodging        | 1 2 4 6 7 8 10 11 12 13 14 15 | 15.0
Fighting       | 3 4 5 8 10 11 13 14 15 17 18 20 22 23 | 23.0
Evocations     | 2 3 5 6 7 9 11 12 | 12.0
Throwing       | 2 4 6 |  6.0
Ranged Weapons | 1 5 8 11 13 14 15 16 17 18 19 20 | 20.0
Spellcasting   | 5 7 8 10 | 10.0
Necromancy     | 4 6 7 9 10 | 10.0
Armour         | 2 3 5 6 7 |  7.0
Translocations | 3 |  3.0
Invocations    | 2 4 7 10 14 18 22 25 27 | 27.0
Earth Magic    | 1 3 |  3.0
Stealth        | 7 |  7.4

Action                     |  1- 3 |  4- 6 |  7- 9 | 10-12 | 13-15 | 16-18 | 19-21 | 22-24 | 25-27 || total
---------------------------+-------+-------+-------+-------+-------+-------+-------+-------+-------++-------
  Melee: Dagger            |    44 |   155 |   153 |     8 |       |       |       |       |       ||   360
         Quick blade       |       |       |       |       |       |    18 |       |    30 |    12 ||    60
   Fire: Arbalest          |       |       |   168 |   400 |  1220 |    35 |       |       |       ||  1823
         Orcbow            |       |       |       |       |       |  1241 |   463 |   500 |    31 ||  2235
         Longbow           |       |       |       |       |       |       |  1109 |  1733 |  1816 ||  4658
  Throw: Dart              |    23 |    43 |     7 |     3 |     2 |       |     2 |     1 |       ||    81
         Throwing net      |       |     1 |       |     2 |       |       |     3 |     4 |     2 ||    12
   Cast: Fugue of the Fall |       |       |       |       |    61 |    29 |    17 |    21 |    13 ||   141
         Apportation       |       |       |       |       |    16 |       |     1 |    25 |    59 ||   101
         Dispel Undead     |       |       |       |       |       |     7 |     5 |    27 |    10 ||    49
         Passwall          |       |       |       |       |       |       |       |     1 |     2 ||     3
 Invoke: Potion Petition   |       |       |       |       |     7 |     3 |       |    17 |     9 ||    36
         Call Merchant     |       |       |       |       |       |     3 |       |       |     6 ||     9
Ability: Evoke Blink       |       |       |       |       |       |     4 |       |     2 |       ||     6
  Evoke: Wand              |       |     7 |    11 |     5 |     5 |    22 |     2 |    27 |    19 ||    98
         Condenser vane    |       |       |       |       |     5 |     5 |     5 |     5 |     4 ||    24
         Sack of spiders   |       |       |       |       |     2 |       |     1 |     3 |     1 ||     7
         Phial of floods   |       |       |       |       |       |       |       |     3 |       ||     3
         Phantom mirror    |       |       |       |       |       |       |       |       |     2 ||     2
    Use: Scroll            |     1 |     2 |    11 |     2 |     4 |    15 |    10 |    19 |    15 ||    79
   Stab: Sleeping          |     5 |     8 |     3 |     1 |       |       |       |       |       ||    17
         Distracted        |       |     1 |       |       |       |       |       |       |       ||     1
         Paralysed         |       |       |       |       |       |     5 |       |     9 |    12 ||    26
         Held in net/web   |       |       |       |       |       |       |       |     2 |       ||     2
 Armour: Robe              |    22 |    59 |   123 |   144 |   323 |   391 |   289 |   534 |   394 ||  2279
  Dodge: Dodged            |    21 |    86 |   115 |    96 |   235 |   395 |   269 |   688 |   427 ||  2332
  Block: Other             |       |       |       |       |     6 |    97 |    59 |   131 |    87 ||   380
         Reflection        |       |       |       |       |     3 |    18 |    22 |     7 |     3 ||    53

Table legend: (Time is in decaauts)
 A = Elapsed time spent in this place.
 B = Non-inter-level travel time spent in this place.
 C = Inter-level travel time spent in this place.
 D = Time resting spent in this place.
 E = Time spent auto-exploring this place.
 F = Levels seen in this place.
 G = Mean time per level.
                   A        B        C        D        E       F      G
               +--------+--------+--------+--------+--------+-----+--------+
         Total | 107384 |  96802 |  10582 |  22157 |  56661 |  58 | 1851.4 |
       Dungeon |  29290 |  25410 |   3880 |   5459 |  16031 |  15 | 1952.7 |
        Temple |     18 |      9 |      9 |      0 |      0 |   1 |   18.0 |
          Lair |   9284 |   8239 |   1045 |    646 |   6322 |   5 | 1856.8 |
        Shoals |   7285 |   6656 |    629 |    853 |   4646 |   4 | 1821.2 |
   Spider Nest |   6546 |   6204 |    342 |   1572 |   3173 |   4 | 1636.5 |
    Slime Pits |   3666 |   3490 |    176 |   1349 |   1558 |   5 |  733.2 |
  Orcish Mines |   4053 |   3432 |    621 |   1040 |   1633 |   2 | 2026.5 |
   Elven Halls |   9076 |   8542 |    534 |   3961 |   3184 |   3 | 3025.3 |
        Vaults |  12319 |  11336 |    983 |   2595 |   6175 |   5 | 2463.8 |
         Crypt |   6511 |   6347 |    164 |   1293 |   3684 |   3 | 2170.3 |
        Depths |   9616 |   8283 |   1333 |    731 |   5686 |   4 | 2404.0 |
           Zot |   9293 |   8430 |    863 |   2316 |   4566 |   5 | 1858.6 |
         Trove |     43 |     43 |      0 |      0 |      0 |   1 |   43.0 |
        Wizlab |    377 |    377 |      0 |    340 |      0 |   1 |  377.0 |
               +--------+--------+--------+--------+--------+-----+--------+

Top non-repeatable levels by time:
Vaults:5: 4495 daAuts
   Elf:2: 4043 daAuts
   Elf:3: 3553 daAuts
Depths:2: 3532 daAuts
 Crypt:1: 3423 daAuts
   Orc:2: 3372 daAuts
   Zot:5: 3096 daAuts
    D:12: 3050 daAuts
    D:11: 2841 daAuts
Spider:4: 2765 daAuts
     D:9: 2681 daAuts
  Lair:4: 2647 daAuts
Depths:3: 2458 daAuts
    D:15: 2316 daAuts
     D:7: 2299 daAuts
